Map: Pylon LE

Players

Stupidpower - Winner!

  • Race: Protoss Protoss
  • League: Platinum
  • Spawn Location: 11:00

LigerMaNN

  • Race: Zerg Zerg
  • League: Diamond
  • Spawn Location: 5:00

VOD

Have the link to the VOD?

Description

Time

  • Played on: June 3, 2025, 10:54 p.m.
  • Length: 6:31
Show
View Real Time Build Order
Export as new Build Order

Stupidpower Protoss - Winner!

Build Orders: 1 Gate Expand 

Get SALT Encoding   

  12  0:01  Probe  
  13  0:13  Probe  
  14  0:21  Pylon  
  14  0:25  Probe  
  15  0:37  Probe  
  16  0:43  Gateway  
  16  0:46  Probe  
  17  0:50  Assimilator  
  17  0:54  Probe  
  18  1:06  Probe  
  19  1:25  Nexus  
  19  1:36  Cybernetics Core  
  19  1:38  Probe  
  20  1:44  Assimilator  
  20  1:50  Probe  
  21  2:02  Probe  
  22  2:12  Pylon  
  22  2:14  Probe  
  22  2:15  Warp Gate  
  23  2:30  Probe, Adept  
  23  2:35  Twilight Council  
  26  2:39  Probe  
  26  2:42  Probe  
  27  2:51  Gateway  
  27  2:52  Probe  
  27  2:57  Robotics Facility  
  28  3:00  Gateway, Probe  
  29  3:07  Adept  
  31  3:14  Probe  
  31  3:15  Probe  
  33  3:25  Charge  
  28  3:45  Shield Battery  
  28  3:48  Probe x2  
  29  3:54  Warp Prism  
  31  3:59  Pylon  
  31  4:00  Probe x2  
  31  4:05  Gateway  
  31  4:08  Probe x2  
  35  4:17  Adept  
  35  4:19  Zealot x2  
  41  4:34  Probe x2  
  43  4:45  Gateway  
  43  4:46  Gateway, Probe  
  43  4:47  Probe  
  43  4:48  Gateway  
  45  5:00  Zealot x3  
  51  5:18  Zealot  
  53  5:27  Pylon  
  53  5:29  Pylon  
  53  5:30  Pylon  
  51  5:45  Zealot x2  
  51  5:46  Zealot x3  
  51  5:47  Zealot x2  
  53  5:58  Probe x2  
  53  6:01  Nexus  
  55  6:11  Zealot x3  
  61  6:25  Zealot x4  
Show
View Real Time Build Order
Export as new Build Order

LigerMaNN Zerg 

Build Orders: Hatch First 

Get SALT Encoding   

  12  0:01  Drone  
  13  0:12  Overlord  
  13  0:16  Drone  
  14  0:31  Drone  
  14  0:32  Drone  
  16  0:47  Hatchery  
  15  0:50  Drone  
  15  0:54  Drone  
  17  0:58  Drone  
  18  1:08  Extractor  
  17  1:15  Spawning Pool  
  17  1:17  Drone  
  17  1:21  Drone  
  18  1:28  Drone  
  19  1:39  Overlord  
  19  2:01  Queen  
  19  2:02  Queen  
  19  2:03  Zergling x6  
  26  2:19  Metabolic Boost  
  26  2:33  Hatchery  
  26  2:35  Drone  
  26  2:36  Drone  
  27  2:39  Drone  
  28  2:45  Drone  
  28  2:46  Drone  
  30  2:53  Pneumatized Carapace  
  30  3:17  Drone  
  30  3:18  Drone x5  
  34  3:29  Drone  
  35  3:43  Overlord x3  
  34  3:49  Drone x5  
  39  4:02  Hatchery  
  38  4:03  Queen  
  42  4:13  Drone x6  
  48  4:21  Lair  
  46  4:24  Drone x3  
  46  4:25  Drone x3  
  52  4:38  Zergling x10  
  57  4:50  Queen  
  59  4:53  Queen  
  61  5:03  Zergling x8  
  61  5:04  Zergling x4  
  64  5:12  Zergling x2  
  64  5:13  Zergling x10  
  66  5:20  Queen x2  
  66  5:26  Queen  
  59  5:52  Zergling x26  
  64  6:05  Zergling x8  
Tags
 
Add a new tag
Caveats
  • Supply blocks, unpowered buildings, or Contaminate may cause inaccurate times.
  • Supply counts are checked every 10 seconds.